 Dungeon Crawl Stone Soup version 0.31-a0-1139-gec03705108 (webtiles) character file.

Game seed: 1577423043779306130

9318 Gargoyl the Cleaver (level 11, -1/106 HPs)
             Began as a Gargoyle Berserker on Dec 6, 2023.
             Was an Elder of Trog.
             Slain by a red ugly thing (17 damage)
             ... on level 10 of the Dungeon.
             The game lasted 00:12:18 (8051 turns).

Gargoyl the Cleaver (Gargoyle Berserker)            Turns: 8051, Time: 00:12:19

Health: -1/106     AC: 25    Str: 21    XL:     11   Next: 44%
Magic:  0/9        EV:  9    Int:  8    God:    Trog [****..]
Gold:   565        SH:  0    Dex: 11    Spells: 10/10 levels left

rFire   . . .        a - +0 hand axe (flame)
rCold   . . .        (no shield)
rNeg    + . .        d - +0 chain mail
rPois   ∞            j - +1 helmet
rElec   +            (no cloak)
rCorr   .            (no gloves)
SInv    .            p - +2 pair of boots {rampage}
Will    ++...        n - amulet of guardian spirit Stlth
                     (no ring)
HPRegen 1.37/turn    (no ring)
MPRegen 0.11/turn

%: guardian spirit, rampage
@: berserking (expiring), strong-willed, regenerating, very quick
A: sickness immunity, AC +8, negative energy resistance 1, electricity
resistance, torment resistance 1, petrification resistance, low MP 1, weak 1
a: Renounce Religion, Berserk, Trog's Hand, Brothers in Arms


You were on level 10 of the Dungeon.
You worshipped Trog.
Trog was greatly pleased with you.
You visited 1 branch of the dungeon, and saw 10 of its levels.

You collected 565 gold pieces.

Inventory:

Hand Weapons
 a - a +0 hand axe of flaming (weapon)
 e - a +0 flail
 z - a +0 war axe of draining
Missiles
 l - 3 poisoned darts (quivered)
 t - 11 throwing nets
Armour
 d - a +0 chain mail (worn)
 j - a +1 helmet (worn)
 p - a +2 pair of boots of rampaging (worn)
Jewellery
 n - an amulet of guardian spirit (around neck)
 u - a ring of see invisible
 w - a ring of protection from cold
Wands
 g - a wand of iceblast (5)
 m - a wand of quicksilver (8)
 q - a wand of mindburst (14)
 x - a wand of flame (8)
 y - a wand of paralysis (4)
 A - a wand of polymorph (6)
Scrolls
 h - 3 scrolls of identify
 o - 3 scrolls of enchant armour
 r - a scroll of teleportation
 s - a scroll of revelation
Potions
 b - 5 potions of curing
 c - a potion of heal wounds
 f - a potion of berserk rage
 i - 4 potions of might
 k - a potion of haste
 v - a potion of ambrosia


   Skills:
 + Level 9.5 Fighting
 + Level 12.0 Axes
 + Level 0.2 Throwing
 + Level 8.9 Armour
 + Level 4.0 Dodging
 + Level 0.1 Stealth


You had 10 spell levels left.
You didn't know any spells.
Your spell library was empty.

Dungeon Overview and Level Annotations

Branches:
Dungeon (10/15)            Temple (0/1) D:4            Lair (0/5) D:10
    Orc (0/2) D:9

Altars:
Cheibriados
Dithmenos
Nemelex Xobeh
Sif Muna
Uskayaw
Vehumet
Wu Jian
Zin


Innate Abilities, Weirdness & Mutations

You are immune to sickness and miasma.
Your stone body is resilient. (AC +8)
You are immune to poison.
You resist negative energy. (rN+)
You are resistant to electric shocks. (rElec)
You are resistant to unholy torment.
You are immune to petrification.
Your magical capacity is low. (-10% MP)
You are weak. (Str -2)


Message History

Something hits you but does no damage.
The red ugly thing tail-slaps you but does no damage.
Something hits you. The boulder beetle bites you!
You slash the boulder beetle! You burn the boulder beetle.
The boulder beetle is almost dead.
You hit the red ugly thing. You closely miss something.
Unknown command.
You hit the boulder beetle but do no damage.
The boulder beetle is almost dead.
You slash the red ugly thing! You burn the red ugly thing.
You closely miss something. Something hits you but does no damage.
The red ugly thing tail-slaps you but does no damage.
The boulder beetle barely misses you.
Unknown command.
You hit the boulder beetle but do no damage.
The boulder beetle is almost dead.
You slash the red ugly thing! You burn the red ugly thing. You hit something.
You burn something. Something hits you but does no damage.
The gargoyle hurls a stone arrow at you.
The stone arrow misses you.
Unknown command.
You hit the boulder beetle. You burn the boulder beetle.
The boulder beetle is almost dead.
You hit the red ugly thing. The red ugly thing tail-slaps you.
You are engulfed in flames!!
* * * LOW HITPOINT WARNING * * *
Unknown command.
You slash the boulder beetle! You burn the boulder beetle.
You kill the boulder beetle!
Trog accepts your kill.
You barely miss the red ugly thing. You hit something. You burn something.
Something hits you but does no damage.
Your Axes skill increases to level 12!
Your Dodging skill increases to level 4!
You closely miss the red ugly thing.
The red ugly thing is severely wounded.
The red ugly thing tail-slaps you.
* * * LOW HITPOINT WARNING * * *
You are engulfed in flames!!
You die...

...#......### ##...#...
...#.####...###
#....#... ...#.#
###...### #....#...
...#.# ####...###
#....#... ...#.#
######...### #....#...
...#.#
.%######...#####....#...
####.#
#.|....###..........#...
..#
..###9..)###...#....#...
###...u@#).###...####...
#.....{†###..###....#...
....#.... ###..###..#...
..# #...#. ###)........
. ....#.. #..#.##...
.....# .! #.##.##.##
#.....# ..##.#.#.##.#
###...# #.## ##.##(#
#.##..


You could see a red ugly thing and a gargoyle.

Vanquished Creatures
  A hydra (D:10)
  A boulder beetle (D:10)
  A centaur warrior (D:10)
  3 two-headed ogres
  Pikel (D:7)
  An orc knight (D:10)
  Eustachio (D:6)
  A wyvern (D:8)
  A steam dragon (D:8)
  A vampire mosquito (D:10)
  Menkaure (D:5)
  A water moccasin (D:7)
  6 orc warriors
  2 ogres
  2 black bears
  A sky beast (D:6)
  A wolf (D:5)
  A centaur (D:10)
  2 lemures (D:7)
  A phantom (D:4)
  3 kobold brigands
  4 bullfrogs
  5 gnoll sergeants
  4 wights (D:7)
  6 killer bees (D:9)
  3 howler monkeys (D:9)
  A jelly (D:5)
  6 hounds
  4 gnoll boudas
  9 orc priests
  2 iguanas
  3 sleepcaps
  11 orc wizards
  Natasha (thrice) (D:4)
  Robin (D:2)
  30 gnolls
  5 adders
  2 white imps
  2 ufetubi
  2 dart slugs (D:1)
  52 orcs
  9 endoplasms
  5 giant cockroaches
  17 goblins
  6 hobgoblins
  7 jackals
  15 kobolds
  4 quokkas
  5 ball pythons
  3 bats
  4 frilled lizards
  8 rats
271 creatures vanquished.

Notes
Turn   | Place    | Note
-------+----------+-------------------------------------------
     0 | D:1      | Gargoyl the Gargoyle Berserker began the quest for the Orb.
     0 | D:1      | Reached XP level 1. HP: 14/14 MP: 1/1
   136 | D:1      | Reached XP level 2. HP: 15/19 MP: 2/2
   235 | D:1      | Reached skill level 3 in Axes
   623 | D:1      | Reached XP level 3. HP: 22/24 MP: 3/3
   932 | D:2      | Reached XP level 4. HP: 29/29 MP: 4/4
  1004 | D:2      | Reached ** piety under Trog
  1341 | D:2      | Noticed Robin
  1359 | D:2      | Killed Robin
  1765 | D:3      | Reached XP level 5. HP: 33/33 MP: 5/5
  1877 | D:3      | Reached skill level 4 in Axes
  2073 | D:3      | Reached *** piety under Trog
  2231 | D:4      | Noticed a phantom
  2249 | D:4      | Killed a phantom
  2250 | D:4      | Reached XP level 6. HP: 37/39 MP: 4/6
  2266 | D:4      | Found a radiant altar of Vehumet.
  2291 | D:4      | Found a hide-covered altar of Uskayaw.
  2316 | D:4      | Noticed Natasha
  2321 | D:4      | Killed Natasha
  2400 | D:4      | Noticed a black bear
  2401 | D:4      | Found a staircase to the Ecumenical Temple.
  2417 | D:4      | Killed a black bear
  2418 | D:4      | Reached skill level 5 in Axes
  2620 | D:4      | Noticed Natasha
  2631 | D:4      | Killed Natasha
  2677 | D:4      | Noticed Natasha
  2681 | D:4      | Killed Natasha
  2682 | D:4      | Reached XP level 7. HP: 40/44 MP: 5/7
  2858 | D:5      | Entered Level 5 of the Dungeon
  2944 | D:5      | Reached skill level 5 in Fighting
  3049 | D:5      | Reached skill level 6 in Axes
  3173 | D:5      | Reached skill level 5 in Armour
  3173 | D:5      | Reached XP level 8. HP: 39/49 MP: 4/8
  3360 | D:5      | Reached skill level 7 in Axes
  3925 | D:5      | Noticed Menkaure
  3936 | D:5      | Killed Menkaure
  3936 | D:5      | Reached **** piety under Trog
  3937 | D:5      | Reached skill level 8 in Axes
  3937 | D:5      | Reached XP level 9. HP: 53/55 MP: 7/9
  4361 | D:6      | Noticed Eustachio
  4411 | D:6      | Killed Eustachio
  4635 | D:6      | Found a glowing silver altar of Zin.
  4995 | D:7      | Noticed Pikel
  5010 | D:7      | Killed Pikel
  5011 | D:7      | Reached skill level 9 in Axes
  5310 | D:7      | Found a snail-covered altar of Cheibriados.
  5310 | D:7      | Found a shimmering blue altar of Sif Muna.
  5395 | D:8      | Gained mutation: Your magical capacity is low. (-10% MP)
                  | [potion of mutation]
  5395 | D:8      | Gained mutation: You are weak. (Str -2) [potion of
                  | mutation]
  5410 | D:8      | Noticed a two-headed ogre
  5417 | D:8      | Reached XP level 10. HP: 63/63 MP: 9/9
  5422 | D:8      | Killed a two-headed ogre
  5423 | D:8      | Reached skill level 10 in Axes
  5706 | D:8      | Noticed a two-headed ogre
  5716 | D:8      | Killed a two-headed ogre
  6024 | D:8      | Found a sparkling altar of Nemelex Xobeh.
  6566 | D:9      | Found a staircase to the Orcish Mines.
  6601 | D:9      | Reached skill level 11 in Axes
  6962 | D:9      | Found an ornate altar of the Wu Jian Council.
  6962 | D:9      | Found a shadowy altar of Dithmenos.
  7509 | D:10     | Entered Level 10 of the Dungeon
  7582 | D:10     | Found a staircase to the Lair.
  7597 | D:10     | Noticed a two-headed ogre
  7603 | D:10     | Killed a two-headed ogre
  7604 | D:10     | Reached XP level 11. HP: 71/71 MP: 7/9
  7765 | D:10     | Noticed an orc knight
  7766 | D:10     | Noticed an orc knight
  7767 | D:10     | Noticed a boulder beetle
  7775 | D:10     | Noticed a five-headed hydra
  7778 | D:10     | Noticed a centaur warrior
  7791 | D:10     | Killed an orc knight
  7798 | D:10     | Killed a centaur warrior
  7805 | D:10     | Killed a one-headed hydra
  7805 | D:10     | Noticed a red ugly thing
  8050 | D:10     | Killed a boulder beetle
  8051 | D:10     | Reached skill level 12 in Axes
  8051 | D:10     | Slain by a red ugly thing

Illustrated notes

Levels and vault maps discovered:
D:1:      minmay_arrival_diagonal_passages, layout_basic,
          nicolae_concentric_dashed_squares_mild
D:2:      layout_loops_ring, uniq_robin
D:3:      minmay_diamond_boxcup, layout_rooms
D:4:      layout_cave_pools, nicolae_overflow_crystal_walls,
          lemuel_crystal_altar, minmay_temple_entry_poolview, uniq_natasha
D:5:      layout_cave_pools, serial_gnoll_camp, gnoll_camp_mini_sergeant,
          gnoll_camp_mini_hut, gnoll_camp_huts_moat, gnoll_camp_mini_basic,
          gup_sewer_entry_pipe, uniq_menkaure
D:6:      layout_cave_pools, mainiacjoe_overflow_concentric_impassable,
          uniq_eustachio
D:7:      layout_cave_pools, gammafunk_temple_overflow_elements, uniq_pikel
D:8:      layout_basic, nemelex_xobeh_ov_fountains_minmay, nicolae_eternal_life
D:9:      layout_basic, chequers_temple_overflow_statue_of_worship,
          hiddenorc1_lemuel
D:10:     minmay_the_grid_triangle_9x9_rhombus_thin_mashed
          [minmay_the_grid_triangle_9x9_pentomino_pain,
          minmay_the_grid_triangle_9x9_prize_insulated,
          minmay_the_grid_triangle_9x9_corruption,
          minmay_the_grid_triangle_9x9_cache], layout_stronghold,
          nicolae_hepliaklqana_monster_ancestors, lair_entry_dummy, uniq_erolcha

Skill      XL: |  1  2  3  4  5  6  7  8  9 10 11 |
---------------+----------------------------------+-----
Axes           | 3 4 5 6 8 9 11 12 | 12.0
Fighting       | 4 5 7 9 |  9.5
Dodging        | 2 3 4 |  4.0
Armour         | 3 4 5 6 8 |  8.9
Throwing       | |  0.2
Stealth        | |  0.1

Action                     |  1- 3 |  4- 6 |  7- 9 | 10-12 || total
---------------------------+-------+-------+-------+-------++-------
  Melee: Hand axe          |    79 |   181 |   536 |   374 ||  1170
         Punch             |       |     1 |     7 |     5 ||    13
         War axe           |       |       |       |    38 ||    38
  Throw: Dart              |       |       |     3 |       ||     3
 Invoke: Berserk           |     2 |     1 |     9 |     8 ||    20
         Trog's Hand       |       |       |     7 |     6 ||    13
    Use: Scroll            |     2 |     7 |     9 |     4 ||    22
         Potion            |       |       |     2 |     1 ||     3
 Armour: Animal skin       |    14 |       |       |       ||    14
         Chain mail        |    76 |   186 |   536 |   382 ||  1180
  Dodge: Dodged            |    32 |   102 |   291 |   158 ||   583

Table legend: (Time is in decaauts)
 A = Elapsed time spent in this place.
 B = Non-inter-level travel time spent in this place.
 C = Inter-level travel time spent in this place.
 D = Time resting spent in this place.
 E = Time spent auto-exploring this place.
 F = Levels seen in this place.
 G = Mean time per level.
                   A        B        C        D        E       F      G
               +--------+--------+--------+--------+--------+-----+--------+
         Total |   8104 |   7907 |    197 |    331 |   5244 |  10 |  810.4 |
       Dungeon |   8104 |   7907 |    197 |    331 |   5244 |  10 |  810.4 |
               +--------+--------+--------+--------+--------+-----+--------+

Top non-repeatable levels by time:
     D:5: 1406 daAuts
     D:9: 1138 daAuts
     D:8: 996 daAuts
     D:1: 940 daAuts
     D:2: 751 daAuts
     D:4: 641 daAuts
     D:6: 640 daAuts
     D:3: 595 daAuts
     D:7: 513 daAuts
    D:10: 480 daAuts
